 Dungeon Crawl Stone Soup version 0.16.1-51-g6203257 (webtiles) character file.

30 yn94k0 the Magician (level 3, -2/19 HPs)
             Began as a Deep Elf Wizard on July 5, 2015.
             Slain by a quokka (4 damage)
             ... on level 2 of the Dungeon.
             The game lasted 00:12:46 (1651 turns).

yn94k0 the Magician (Deep Elf Wizard)               Turns: 1651, Time: 00:12:46

Health: -2/19      AC:  2    Str:  4    XL:     3   Next: 3%
Magic:  14/14      EV: 12    Int: 23    God:
Gold:   78         SH:  5    Dex: 13    Spells: 5 memorised, 1 level left

rFire  . . .     SeeInvis .     x - -1 dagger (curse)
rCold  . . .     Clarity  .     a - +0 robe
rNeg   . . .     SustAb   .     F - +2 buckler
rPois  .         Gourm    .     b - +0 hat
rElec  .         Spirit   .     (no cloak)
rCorr  .         Warding  .     (no gloves)
rMut   .         Stasis   .     (no boots)
MR     .....                    (no amulet)
Stlth  ++........               (no ring)
                                (no ring)

@: starving, not resistant to hostile enchantments, unstealthy
A: no striking features
a: no special abilities


You were on level 2 of the Dungeon.
You were starving.

You visited 1 branch of the dungeon, and saw 3 of its levels.

You collected 78 gold pieces.

Inventory:

Hand weapons
 l - a +0 dagger
 v - a +0 dagger
 x - a cursed -1 dagger (weapon)
 B - a +0 short sword
 D - a +0 dagger
Missiles
 p - 64 bolts
 r - 30 arrows
Armour
 a - a +0 robe (worn)
 b - a +0 hat (worn)
 e - a +0 leather armour
 m - a +0 leather armour
 y - a +1 scale mail of poison resistance
 A - a +0 plate armour
 F - a +2 buckler (worn)
Magical devices
 u - a wand of invisibility (3)
Scrolls
 g - 2 scrolls of identify
 i - a scroll of fear {unknown}
 k - 2 scrolls of blinking {unknown}
 s - a scroll of fog {unknown}
 w - a scroll of teleportation {unknown}
Potions
 f - a potion of magic {unknown}
 h - a potion of invisibility {unknown}
 j - a potion of might {unknown}
 o - a potion of curing {unknown}
 q - a potion of agility {unknown}
 t - 2 potions of cancellation {unknown}
 z - a potion of flight {unknown}
 C - a potion of brilliance {unknown}
Books
 c - a book of Minor Magic

   Spells                             Type                      Level
   a - Magic Dart                     Conjuration                  1
   b - Blink                          Translocation                2
   c - Call Imp                       Summoning                    2
   d - Repel Missiles                 Charms/Air                   2
   e - Slow                           Hexes                        2
   f - Conjure Flame                  Conjuration/Fire             3
   g - Mephitic Cloud                 Conjuration/Poison/Air       3
Comestibles
 d - 2 bread rations
 n - 3 meat rations
 E - a chunk of flesh


   Skills:
 + Level 0.1 Fighting
 + Level 2.7 Dodging
 + Level 2.6 Stealth
 + Level 5.4 Spellcasting
 + Level 1.3 Conjurations
 + Level 1.2 Summonings
 + Level 1.1 Translocations


You had one spell level left.
You knew the following spells:

 Your Spells              Type           Power        Failure   Level  Hunger
a - Magic Dart            Conj           ##..         12%         1    None
b - Call Imp              Summ           ##......     14%         2    None
c - Blink                 Tloc           N/A          17%         2    None
d - Conjure Flame         Conj/Fire      #.......     34%         3    ##.....
e - Mephitic Cloud        Conj/Pois/Air  #.......     41%         3    ##.....


Dungeon Overview and Level Annotations

Branches:
Dungeon (3/15)

Altars:


Message History

The quokka closely misses you. You block the quokka's attack.
The quokka barely misses you. The quokka barely misses you.
The quokka bites you.
* * * LOW HITPOINT WARNING * * *
The quokka bites you.
* * * LOW HITPOINT WARNING * * *
There is a stone staircase leading down here.
You block the quokka's attack.
You climb downwards.
A giant newt comes into view.
Found 3 tomahawks and 14 stones.
There is a stone staircase leading up here.
The quokka completely misses you.
You climb upwards.
There is a stone staircase leading down here.
The quokka misses you. The quokka bites you.
You die...

#.##.# #.....#.# ####
##.##.##########(###...
#..##..........(.(##... #.#
############..##... ♣.♣
##########..##...
###♣♣.♣♣###>...............
#.........#.#########.##...
#.#♣♣.♣♣#.#r...............
#####.# ♣(♣ #.@...........#####
#.....###.# #..................
#.######..#################....
#.#................# #....
#.#.#..........###.# #.... #.#
+..........# #.# .....
#.###..........# #.# .#.##
#.#............# #.# . .#
#.#.#.#.######## ### #. .#


You could see a quokka.

Vanquished Creatures
  A worm (D:2)
  2 giant cockroaches (D:1)
  5 bats
  A giant newt (D:1)
  4 goblins (D:2)
  5 kobolds
  5 rats
23 creatures vanquished.

Vanquished Creatures (collateral kills)
  A worm (D:2)
1 creature vanquished.

Vanquished Creatures (others)
  A white imp (D:2)
1 creature vanquished.

Grand Total: 25 creatures vanquished

Notes
Turn   | Place    | Note
--------------------------------------------------------------
     0 | D:1      | yn94k0, the Deep Elf Wizard, began the quest for the Orb.
     0 | D:1      | Reached XP level 1. HP: 10/10 MP: 6/6
   641 | D:1      | Reached XP level 2. HP: 15/15 MP: 7/10
   645 | D:1      | Learned a level 2 spell: Call Imp
   648 | D:1      | Learned a level 2 spell: Blink
   902 | D:2      | Reached skill level 5 in Spellcasting
  1542 | D:2      | Reached XP level 3. HP: 16/19 MP: 14/14
  1555 | D:2      | Learned a level 3 spell: Conjure Flame
  1559 | D:2      | Learned a level 3 spell: Mephitic Cloud
  1651 | D:2      | Slain by a quokka

Action                   || total
-------------------------++-------
Melee: Dagger            ||    50
 Cast: Magic Dart        ||    35
       Call Imp          ||     2
       Conjure Flame     ||     1
  Use: Scroll            ||     1
